AoeStats
← Jeeksbur

Arena

510271278Analyzed
1v1 RM · 19h ago on Sep 30, 2026· 238m 33s· 2 players
Game mode
Random Map
Map size
Tiny (2 player)
Population
200
Speed
Normal
Resources
Standard
Victory
Conquest
Starting age
Dark Age
Ending age
Imperial Age
RankedLock teamsTeams togetherTeam positionsShared explorationLock speedFull tech treeHidden civsTurbo modeCheats
Victory
Defeat
🇬🇧 Burmese · United Kingdom
751
+17
🇷🇺 Spanish · Russia
778
-17
Jeeksbur
11:21 Feudal Age
11:46 Horse Collar
13:16 Wheelbarrow
17:43 Castle Age
18:46 Heavy Plow
18:47 Loom
20:54 Fletching
21:07 Padded Archer Armor
21:42 Elite Skirmisher
24:06 Ballistics
28:23 Hand Cart
28:06 Bodkin Arrow
28:12 Scale Mail Armor
29:08 Pikeman
35:41 Imperial Age
33:02 Town Watch
33:34 Chain Mail Armor
33:31 Forging
34:53 Squires
34:41 Arson
36:03 Capped Ram
36:16 Halberdier
37:00 Bracer
37:39 Iron Casting
38:33 Bloodlines
37:44 Cavalier
42:44 Scale Barding Armor
43:41 Blast Furnace
43:13 Plate Mail Armor
46:06 Elite Battle Elephant
49:08 Husbandry
49:37 Chain Barding Armor
50:25 Chemistry
49:32 Siege Engineers
49:08 Treadmill Crane
49:24 Murder Holes
49:43 Masonry
49:46 Fortified Wall
50:50 Light Cavalry
52:13 Conscription
52:13 Town Patrol
54:04 Manipur Cavalry
54:08 Howdah
75:03 Gold Mining
75:04 Stone Mining
82:04 Redemption
82:07 Fervor
82:20 Sanctity
82:18 Block Printing
82:31 Illumination
82:46 Theocracy
82:32 Man-at-Arms
82:58 Gambesons
88:41 Long Swordsman
89:15 Two-Handed Swordsman
90:43 Plate Barding Armor
90:09 Champion
100:15 Onager
101:52 Elite Arambai
107:01 Architecture
106:24 Guard Tower
108:41 Devotion
108:40 Herbal Medicine
108:47 Atonement
116:41 Hussar
131:18 Crop Rotation
151:42 Faith
169:03 Keep
168:53 Heavy Scorpion
206:52 Careening
206:53 Clinker Construction
206:35 Heated Shot
annnnn
10:18 Feudal Age
15:35 Castle Age
15:38 Double-Bit Axe
16:22 Stone Mining
29:40 Husbandry
29:51 Bloodlines
35:09 Imperial Age
32:37 Gold Mining
34:29 Ballistics
34:42 Bow Saw
34:09 Light Cavalry
35:00 Padded Archer Armor
34:50 Fletching
35:16 Forging
37:22 Chemistry
37:59 Leather Archer Armor
37:41 Bodkin Arrow
41:52 Cavalier
43:30 Bracer
44:00 Ring Archer Armor
55:16 Fortified Wall
60:48 Hussar
63:28 Iron Casting
62:55 Scale Mail Armor
63:05 Scale Barding Armor
64:19 Two-Man Saw
63:57 Wheelbarrow
63:08 Loom
73:36 Horse Collar
74:16 Hand Cart
73:52 Town Watch
74:33 Pikeman
75:14 Squires
75:01 Gambesons
76:04 Halberdier
78:22 Scale Mail Armor
79:23 Blast Furnace
84:02 Heavy Plow
98:36 Redemption
Connection lost

Rejoining the realm…

Still unreachable

The connection could not be restored.

Session expired

The server has moved on; the page needs a fresh start.